 Dungeon Crawl Stone Soup version 0.25.0-11-g1f837a76a1 (webtiles) character file.

Game seed: 10480920243880708056

74 Ijustatesigmund the Chopper (level 4, -2/36 HPs)
             Began as a Hill Orc Monk on June 24, 2020.
             Was a Priest of Beogh.
             Killed by divine providence
             ... invoked by an orc priest
              (11 damage)
             ... on level 3 of the Dungeon.
             The game lasted 00:05:06 (2202 turns).

Ijustatesigmund the Chopper (Hill Orc Monk)         Turns: 2202, Time: 00:05:06

Health: -2/36      AC:  3    Str: 14    XL:     4   Next: 30%
Magic:  1/4        EV: 13    Int: 10    God:    Beogh [***...]
Gold:   83         SH:  0    Dex: 13    Spells: 3/3 levels left

rFire    . . .     SeeInvis +   a - +1 hand axe
rCold    . . .     Gourm    .   (no shield)
rNeg     . . .     Faith    .   b - +1 robe
rPois    .         Spirit   .   (helmet restricted)
rElec    .         Reflect  .   (no cloak)
rCorr    .         Harm     .   (no gloves)
MR       .....                  (no boots)
Stlth    ++........             (no amulet)
HPRegen  0.12/turn              g - ring of see invisible
MPRegen  0.09/turn              (no ring)

@: no status effects
A: beak, frail 1, no potion heal 1
a: Smiting, Renounce Religion


You were on level 3 of the Dungeon.
You worshipped Beogh.
Beogh was most pleased with you.
You were not hungry.

You visited 1 branch of the dungeon, and saw 3 of its levels.

You collected 83 gold pieces.

Inventory:

Hand Weapons
 a - a +1 hand axe (weapon)
Missiles
 k - 18 poisoned darts (quivered)
Armour
 b - a +1 robe (worn)
Jewellery
 g - a ring of see invisible (left hand)
Scrolls
 h - a scroll of blinking
Potions
 e - a potion of magic
 j - a potion of berserk rage {unknown}
Comestibles
 c - 5 rations
 f - 10 chunks of flesh


   Skills:
 + Level 4.3 Fighting
 + Level 4.8 Axes
 + Level 1.8 Armour
 - Level 2.4 Dodging
 - Level 2.2 Stealth
 + Level 0.7 Invocations


You had 3 spell levels left.
You didn't know any spells.
Your spell library contained the following spells:

 Spells                   Type           Power        Failure   Level  Hunger
 Confusing Touch          Hex            #.......     75%         3    ####...
 Gell's Gravitas          Tloc           #.........   75%         3    ####...
 Petrify                  Tmut/Erth      #.......     98%         4    #####..
 Metabolic Englaciation   Hex/Ice        #.........   100%        5    ######.
 Yara's Violent Unravell  Hex/Tmut       #.........   100%        5    ######.


Dungeon Overview and Level Annotations

Branches:
Dungeon (3/15)

Altars:
Hepliaklqana
Ru
Xom
Beogh


Innate Abilities, Weirdness & Mutations

You have a beak for a mouth.
You are frail. (-10% HP)
Potions are less effective at restoring your health.


Message History

You hit the worm.
The worm is severely wounded.
Your orc hits something.
Your orc writhes in agony!
Your orc dies!
The worm closely misses you.
You hear a shout!
You hit the worm. You peck the worm, but do no damage.
The worm is severely wounded.
You hear a shout!
The worm bites you.
You hit the worm. You peck the worm.
You kill the worm!
Beogh accepts your kill.
The orc priest mumbles some strange prayers to Beogh against you.
Beogh smites you!
* * * LOW HITPOINT WARNING * * *
The orc priest mumbles some strange prayers to Beogh against you.
Beogh smites you!
You die...
Beogh appreciates the orc priest's killing of a heretic priest.

########
#.@†oo.#
#########
#.####(#
#.......#####.#
#.#####.......#
#.# #########
#.## #..# ##.#
####.####


You could see an orc priest and an orc wizard (fast, invisible).

Vanquished Creatures
  A gnoll (D:1)
  2 oozes (D:3)
  2 worms
  A dart slug (D:2)
  A leopard gecko (D:1)
  An orc (D:3)
  5 bats
  2 giant cockroaches
  6 hobgoblins
  3 jackals (D:3)
  6 kobolds
  A ball python (D:1)
  A frilled lizard (D:2)
  6 goblins
  10 rats
48 creatures vanquished.

Vanquished Creatures (others)
  An orc (D:3)
1 creature vanquished.

Grand Total: 49 creatures vanquished

Notes
Turn   | Place    | Note
-------+----------+-------------------------------------------
     0 | D:1      | Ijustatesigmund the Hill Orc Monk began the quest for the
                  | Orb.
     0 | D:1      | Reached XP level 1. HP: 19/19 MP: 1/1
   105 | D:1      | Reached XP level 2. HP: 19/27 MP: 2/2
   569 | D:1      | Found a shimmering altar of Xom.
   706 | D:2      | Reached skill level 1 in Armour
  1024 | D:2      | Reached XP level 3. HP: 29/33 MP: 3/3
  1206 | D:2      | Found a faded altar of an unknown god.
  1211 | D:2      | Became a worshipper of Beogh the Brigand
  1211 | D:2      | Reached * piety under Beogh
  1211 | D:2      | Reached ** piety under Beogh
  1334 | D:2      | Found a sacrificial altar of Ru.
  2047 | D:3      | Found a hazy altar of Hepliaklqana.
  2064 | D:3      | Reached *** piety under Beogh
  2069 | D:3      | Reached XP level 4. HP: 31/40 MP: 4/4
  2196 | D:3      | Gained mutation: You are frail. (-10% HP) [potion of
                  | mutation]
  2196 | D:3      | Gained mutation: Potions are less effective at restoring
                  | your health. [potion of mutation]
  2196 | D:3      | Gained mutation: You have a beak for a mouth. [potion of
                  | mutation]
  2202 | D:3      | Killed from afar by an orc priest

Illustrated notes

Levels and vault maps discovered:
D:1:      onia_arrival_handbag, layout_basic, xom_teletrap_fun
D:2:      layout_rooms, chequers_ecumenical_altar_lobes,
          nicolae_ru_sacrificial_ziggurat
D:3:      layout_loops_cross, overflow_temple_1_default, first_ration,
          uniq_natasha, uniq_grinder

Skill      XL: |  1  2 |
---------------+-------+-----
Armour         | 1 |  1.8
Fighting       | 4 |  4.3
Stealth        | 2 |  2.2
Axes           | |  4.8
Dodging        | |  2.4
Invocations    | |  0.7

Action                   |  1- 3 |  4- 6 || total
-------------------------+-------+-------++-------
Melee: Hand axe          |   140 |    28 ||   168
       Peck              |       |     3 ||     3
Throw: Dart              |     4 |       ||     4
Invok: Smiting           |       |     1 ||     1
  Use: Scroll            |     8 |       ||     8
       Potion            |       |     2 ||     2
 Stab: Sleeping          |     3 |       ||     3
  Eat: Chunk             |     4 |       ||     4
Armor: Robe              |    29 |     4 ||    33
Dodge: Dodged            |    96 |    18 ||   114
